 Dungeon Crawl Stone Soup version 0.32-a0-571-gec57dfcd37 (webtiles) character file.

Game seed: 14122759374533933573

1388 Malificent the Ruffian (level 8, -3/59 HPs)
             Began as an Octopode Shapeshifter on Mar 1, 2024.
             Was a Plaything of Xom.
             Slain by a vampire mosquito (7 damage)
             ... on level 6 of the Dungeon.
             The game lasted 00:12:30 (4736 turns).

Malificent the Ruffian (Octopode Shapeshifter)      Turns: 4736, Time: 00:12:31

Health: -3/59      AC:  5    Str: 15    XL:     8   Next: 67%
Magic:  8/8        EV: 14    Int: 12    God:    Xom [*.....]
Gold:   216        SH:  0    Dex: 12    Spells: 7/7 levels left

rFire   + .          .
                       - Unarmed
rCold   . . .        (no shield)
rNeg    . . .        (helmet currently unavailable)
rPois   +            (no amulet)
rElec   .            i - +4 ring of protection
rCorr   .            k - ring of poison resistance
SInv    .            g - ring of ice
Will    .....        o - ring of fire
Stlth   ++++         e - ring of protection from cold
HPRegen 0.29/turn    u - ring of fire
MPRegen 0.11/turn    (no ring)
                     (no ring)

%: random rage (3%)
@: beast-form, studying Fighting
A: beast (slay +2), almost no armour, amphibious, 8 rings, camouflage 1,
gelatinous body 1, (nimble swimmer 1), tentacles, berserk 1, high MP 1, robust
1, inability to drink after injury 1
a: Begin Untransformation, Renounce Religion


You were on level 6 of the Dungeon.
You worshipped Xom.
You were a special plaything of Xom.
You were a hulking beast.
You visited 1 branch of the dungeon, and saw 6 of its levels.

You collected 216 gold pieces.

Inventory:

Hand Weapons
 a - a +2 heavy orcbow
Jewellery
 e - a ring of protection from cold (on tentacle)
 f - an amulet of faith
 g - a ring of ice (on tentacle)
 i - a +4 ring of protection (left tentacle)
 k - a ring of poison resistance (right tentacle)
 o - a ring of fire (on tentacle)
 u - a ring of fire (on tentacle)
Talismans
 b - a beast talisman (active)
 c - a flux talisman
 t - a serpent talisman
Wands
 d - a wand of flame (19)
 q - a wand of roots (6)
Scrolls
 n - a scroll of blinking
 p - a scroll of vulnerability
 s - a scroll of brand weapon
Potions
 h - 3 potions of curing
 j - a potion of attraction
 l - a potion of ambrosia
 m - 2 potions of invisibility
 r - 4 potions of lignification


   Skills:
 * Level 4.3 Fighting
 + Level 4.0 Dodging
 + Level 6.4 Stealth
 + Level 7.1 Unarmed Combat
 + Level 0.6 Evocations
 * Level 5.0 Shapeshifting


You had 7 spell levels left.
You didn't know any spells.
Your spell library contained the following spells:

 Spells                   Type           Power      Damage    Failure   Level
 Necrotise                Necr           0%         1d4       32%         1
 Vampiric Draining        Necr           0%         2d6       69%         3
 Martyr's Knell           Necr/Summ      0%         N/A       97%         4
 Curse of Agony           Necr           0%         N/A       100%        5


Dungeon Overview and Level Annotations

Branches:
Dungeon (6/15)             Temple (0/1) D:4

Altars:
Ashenzari
Elyvilon
Makhleb
Nemelex Xobeh
Uskayaw
Xom
The Shining One


Innate Abilities, Weirdness & Mutations

You are a hulking beast.
Your limbs bulge with bestial killing power. (Slay +2)
You cannot wear most types of armour.
You are amphibious.
You can wear up to eight rings at the same time.
Your skin changes colour to match your surroundings (Stealth+).
Your rubbery body absorbs attacks. (AC +1, EV +1)
((You are camouflaged when in or above water. (Stealth+)))
You have tentacles for arms and can constrict up to eight enemies at once.
You sometimes lose your temper in combat.
You have an increased reservoir of magic. (+10% MP)
You are robust. (+10% HP)
You occasionally lose the ability to drink potions when taking damage.


Message History

The vampire mosquito closely misses you.
You bump into the rock wall.
The vampire mosquito bites you.
The vampire mosquito draws strength from your injuries!
The vampire mosquito bites you!
The vampire mosquito draws strength from your injuries!
The vampire mosquito bites you but does no damage.
The vampire mosquito barely misses you. x2; The vampire mosquito bites you.
The vampire mosquito draws strength from your injuries!
You tentacle-slap the vampire mosquito.
The vampire mosquito is lightly damaged.
The vampire mosquito closely misses you.
The vampire mosquito completely misses you.
The vampire mosquito barely misses you. The vampire mosquito bites you.
The vampire mosquito draws strength from your injuries!
The vampire mosquito barely misses you.
The vampire mosquito closely misses you.
You tentacle-slap the vampire mosquito but do no damage.
The vampire mosquito is lightly damaged.
The vampire mosquito bites you.
The vampire mosquito draws strength from your injuries!
The vampire mosquito barely misses you. The vampire mosquito bites you!
The vampire mosquito draws strength from your injuries!
Unknown command.
You tentacle-slap the vampire mosquito. You squeeze the vampire mosquito.
The vampire mosquito is moderately damaged.
You feel less confused. The vampire mosquito bites you!
* * * LOW HITPOINT WARNING * * *
The vampire mosquito draws strength from your injuries!
The vampire mosquito bites you.
* * * LOW HITPOINT WARNING * * *
The vampire mosquito draws strength from your injuries!
The vampire mosquito bites you but does no damage.
The vampire mosquito bites you.
* * * LOW HITPOINT WARNING * * *
The vampire mosquito draws strength from your injuries!
The vampire mosquito closely misses you.
The vampire mosquito bites you!
You die...
Xom snickers!

#......##.###... ..
##............# ...
#.............##...
#..................
#.................
#........$.....#
##<............#
##........y.#.#
#.......##yh#
##.....####y#
#.>..... ....
...........#...
....##..... .## ..#
..... .. ..... ...
...... ...


You could see 3 vampire mosquitoes.

Vanquished Creatures
  A blink frog (D:4)
  Sigmund (D:5)
  A water moccasin (D:5)
  A black bear (D:5)
  A centaur (D:4)
  2 phantoms
  2 scorpions
  2 electric eels (D:3)
  2 hounds
  A jelly (D:5)
  3 orc priests
  2 iguanas
  An orc wizard (D:3)
  Robin (D:2)
  3 gnolls (D:4)
  3 adders
  4 dart slugs
  12 orcs
  2 ball pythons
  5 bats
  5 endoplasms
  3 giant cockroaches
  13 goblins
  12 hobgoblins
  3 jackals (D:3)
  9 quokkas
  2 frilled lizards
  4 kobolds
  3 rats
104 creatures vanquished.

Vanquished Creatures (collateral kills)
  An orc (D:4)
1 creature vanquished.

Grand Total: 105 creatures vanquished

Notes
Turn   | Place    | Note
-------+----------+-------------------------------------------
     0 | D:1      | Malificent the Octopode Shapeshifter began the quest for
                  | the Orb.
     0 | D:1      | Reached XP level 1. HP: 13/13 MP: 1/1
   591 | D:1      | Reached XP level 2. HP: 18/18 MP: 2/2
   935 | D:2      | Reached XP level 3. HP: 23/23 MP: 3/3
  1348 | D:2      | Noticed Robin
  1357 | D:2      | Killed Robin
  1488 | D:2      | Reached XP level 4. HP: 28/28 MP: 4/4
  1636 | D:3      | Reached skill level 1 in Stealth
  1662 | D:3      | Found a transporter.
  1682 | D:3      | Found a shimmering altar of Xom.
  1683 | D:3      | Found a white marble altar of Elyvilon.
  1685 | D:3      | Found a broken altar of Ashenzari.
  1685 | D:3      | Found a burning altar of Makhleb.
  1693 | D:3      | Found a sparkling altar of Nemelex Xobeh.
  1693 | D:3      | Found a glowing golden altar of the Shining One.
  1694 | D:3      | Found a hide-covered altar of Uskayaw.
  1696 | D:3      | Became a worshipper of Xom the Capricious
  1737 | D:3      | Found a transporter.
  1915 | D:3      | Reached skill level 4 in Unarmed Combat
  1915 | D:3      | Reached XP level 5. HP: 28/33 MP: 5/5
  2467 | D:3      | Reached XP level 6. HP: 25/38 MP: 6/6
  2642 | D:4      | Reached skill level 5 in Unarmed Combat
  2684 | D:4      | Found a staircase to the Ecumenical Temple.
  2724 | D:4      | Gained mutation: You sometimes lose your temper in combat.
                  | [potion of mutation]
  2724 | D:4      | Gained mutation: You have an increased reservoir of magic.
                  | (+10% MP) [potion of mutation]
  2724 | D:4      | Gained mutation: You occasionally lose the ability to drink
                  | potions when taking damage. [potion of mutation]
  2724 | D:4      | Gained mutation: You are robust. (+10% HP) [potion of
                  | mutation]
  2852 | D:4      | XOM: enchant monster (bad)
  2855 | D:4      | a centaur changed into a blink frog
  2855 | D:4      | Noticed a blink frog
  2855 | D:4      | XOM: polymorph centaur -> blink frog
  2862 | D:4      | Reached XP level 7. HP: 47/47 MP: 7/7
  2875 | D:4      | XOM: 2-stop teleportation journey
  2892 | D:4      | XOM: enchant monster (bad)
  2893 | D:4      | XOM: confusion (+ monsters)
  2897 | D:4      | XOM: enchant monster (good)
  2942 | D:4      | XOM: 4-stop teleportation journey
  3007 | D:4      | XOM: enchant monster (good)
  3031 | D:4      | XOM: scenery: create altars
  3496 | D:4      | XOM: confuse monster(s)
  3502 | D:4      | Killed a blink frog
  3503 | D:4      | Reached skill level 5 in Stealth
  3503 | D:4      | Reached skill level 6 in Unarmed Combat
  3827 | D:5      | Entered Level 5 of the Dungeon
  3831 | D:5      | Reached XP level 8. HP: 56/56 MP: 8/8
  3979 | D:5      | XOM: confuse monster(s)
  4264 | D:5      | XOM: 2-stop teleportation journey
  4308 | D:5      | Noticed Sigmund
  4315 | D:5      | Killed Sigmund
  4316 | D:5      | Reached skill level 7 in Unarmed Combat
  4316 | D:5      | Reached skill level 5 in Shapeshifting
  4466 | D:5      | XOM: god gift: scroll labelled NAELEELIOD {god gift}
  4729 | D:6      | XOM: confusion
  4736 | D:6      | Slain by a vampire mosquito

Illustrated notes

Levels and vault maps discovered:
D:1:      grunt_arrival_lava_bath, layout_loops_ring, minmay_crystal_room,
          corner_web_ring
D:2:      minmay_evil_eye, layout_basic, uniq_robin
D:3:      gammafunk_steamed_eel, layout_loops_corners,
          grunt_temple_overflow_open
D:4:      layout_layer_cave, minmay_temple_entry_crystal_x, minmay_manual_mares
D:5:      layout_loops_ring, uniq_sigmund
D:6:      layout_cave_pools, nicolae_wu_jian_immortal_techniques,
          serial_bayou_lagoon_b

Skill      XL: |  1  2  3  4  5  6  7  8 |
---------------+-------------------------+-----
Stealth        | 2 3 4 5 6 |  6.4
Unarmed Combat | 4 5 6 7 |  7.1
Dodging        | 3 4 |  4.0
Shapeshifting  | 4 5 |  5.0
Fighting       | 2 4 |  4.3
Evocations     | |  0.6

Action                     |  1- 3 |  4- 6 |  7- 9 || total
---------------------------+-------+-------+-------++-------
  Melee: Unarmed           |    62 |    73 |    66 ||   201
         Constrict         |    17 |    17 |    18 ||    52
         Tentacles         |     7 |    16 |    18 ||    41
         Punch             |     1 |     2 |     3 ||     6
  Evoke: Wand              |       |     2 |       ||     2
    Use: Scroll            |       |     9 |     2 ||    11
         Potion            |       |     5 |       ||     5
   Stab: Sleeping          |     4 |     6 |     8 ||    18
         Confused          |       |       |     1 ||     1
 Armour: Skin              |    20 |    42 |    41 ||   103
  Dodge: Dodged            |    43 |    41 |    54 ||   138

Table legend: (Time is in decaauts)
 A = Elapsed time spent in this place.
 B = Non-inter-level travel time spent in this place.
 C = Inter-level travel time spent in this place.
 D = Time resting spent in this place.
 E = Time spent auto-exploring this place.
 F = Levels seen in this place.
 G = Mean time per level.
                   A        B        C        D        E       F      G
               +--------+--------+--------+--------+--------+-----+--------+
         Total |   4732 |   4604 |    128 |    460 |   3246 |   6 |  788.7 |
       Dungeon |   4732 |   4604 |    128 |    460 |   3246 |   6 |  788.7 |
               +--------+--------+--------+--------+--------+-----+--------+

Top non-repeatable levels by time:
     D:4: 1346 daAuts
     D:2: 985 daAuts
     D:5: 896 daAuts
     D:3: 875 daAuts
     D:1: 614 daAuts
     D:6: 14 daAuts
